 Dungeon Sprint DCSS version 0.28-a0-206-gc2c9e32840 (webtiles) character file.

Game seed: 14297285904221351421

35982 MikeHunt the Warrior (level 14, 0/114 HPs)
             Began as a Djinni Summoner on Aug 20, 2021.
             Was the Champion of Makhleb.
             Killed from afar by a frost giant (58 damage)
             ... with a bolt of cold
             ... in the Dungeon (Sprint IX: "|||||||||||||||||||||||||||||").
             The game lasted 00:34:45 (5683 turns).

MikeHunt the Warrior (Djinni Summoner)              Turns: 5683, Time: 00:34:46

Health: 0/114      AC: 20    Str: 10    XL:     14   Next: 21%
Gold:   695        EV: 13    Int: 25    God:    Makhleb [******] SH: 18 Dex: 14

rFire   + + .      SeeInvis .   E - +9 double sword
rCold   x . .      Faith    .   u - +1 tower shield {AC+3}
rNeg    . . .      Spirit   .   F - +0 acid dragon scales
rPois   ∞          Reflect  .   m - +1 helmet
rElec   .          Harm     .   I - +2 cloak {rPois}
rCorr   +          Rampage  .   H - +1 pair of gloves
Will    ++...      NoTele   +   (boots unavailable)
Stlth   +.........              w - amulet of regeneration
HPRegen 1.29/turn               x - +6 ring of intelligence
MPRegen 0.00/turn               i - ring of willpower

@: flying
A: sickness immunity, fire resistance 2, cold vulnerability 1, float, innate
caster, hp casting, extra vitality 1
a: Renounce Religion, Minor Destruction, Lesser Servant of Makhleb, Major
Destruction, Greater Servant of Makhleb


You were in the Dungeon.
You worshipped Makhleb.
Makhleb was exalted by your worship.
You visited 1 branch You collected 1918 gold pieces.
You spent 1223 gold pieces at shops.

Inventory:

Hand Weapons
 f - a +2 triple sword of holy wrath
 g - a +0 club
 h - a +0 short sword
 k - a +2 scimitar of flaming
 l - a +2 rapier of draining
 v - a +2 great sword of protection
 z - the +10 mace of Dubif {vorpal, rF++ Str+4 Stlth-}
   (You bought it in a shop in the Dungeon)

   It inflicts extra damage upon your enemies.
   Str:       It affects your strength (+4).
   rF:        It greatly protects you from fire.
   Stlth:     It makes you less stealthy.
 D - the +6 broad axe of the Heavens {antimagic, rC++}
   (You found it in the Dungeon)

   It reduces the magical energy of the wielder, and disrupts the spells and
   magical abilities of those it strikes.
   Natural abilities and divine invocations are not affected.
   rC:        It greatly protects you from cold.
 E - a +9 double sword (weapon)
Missiles
 y - 7 curare-tipped darts
 M - a throwing net
 N - 6 javelins
Armour
 a - a +0 robe
 m - a +1 helmet (worn)
 n - a +1 chain mail
 q - a +2 troll leather armour {Snorg}
 t - +0 swamp dragon scales
 u - a +1 tower shield of protection (worn)
 F - +0 acid dragon scales (worn)
 G - +0 shadow dragon scales
 H - a +1 pair of gloves (worn)
 I - a +2 cloak of poison resistance (worn)
Jewellery
 i - a ring of willpower (right hand)
 o - a +3 ring of intelligence
 p - a +3 ring of strength
 w - an amulet of regeneration (around neck)
 x - a +6 ring of intelligence (left hand)
 A - a ring of ice
 B - a ring of protection from fire
 C - a ring of protection from fire
Wands
 j - a wand of iceblast (12)
Scrolls
 r - a scroll of fog
 s - 2 scrolls of identify
 L - a scroll of fear
Potions
 b - 9 potions of curing
 c - 5 potions of heal wounds
 d - a potion of haste
 e - a potion of berserk rage
 J - a potion of brilliance
 K - a potion of might


   Skills:
 - Level 15.4 Fighting
 + Level 13.7 Long Blades
 - Level 9.9 Armour
 - Level 10.0 Dodging
 - Level 1.5 Stealth
 + Level 11.8 Shields
 - Level 14.7 Spellcasting
 - Level 13.4 Invocations
 - Level 8.9 Evocations


You had 12 spell levels left.
You knew the following spells:

 Your Spells              Type           Power      Damage    Failure   Level
b - Dazzling Flash        Conj/Hex       100%       N/A       1%          3
d - Bolt of Magma         Conj/Fire/Erth 37%        4d16      1%          5
e - Summon Lightning Spi  Summ/Air       75%        N/A       1%          4
g - Slow                  Hex            75%        N/A       1%          2
h - Animate Armour        Summ/Erth      100%       N/A       1%          4
q - Blink                 Tloc           N/A        N/A       1%          2
r - Call Imp              Summ           75%        N/A       1%          2
w - Summon Guardian Gole  Hex/Summ       75%        N/A       1%          3
L - Summon Small Mammal   Summ           100%       N/A       1%          1
M - Sting                 Tmut/Pois      100%       1d8       1%          1
P - Call Canine Familiar  Summ           75%        N/A       1%          3
Your spell library was empty.

Dungeon Overview and Level Annotations

Branches:
Dungeon (1/1)

Altars:
Cheibriados
Dithmenos
Elyvilon
Fedhas
Gozag
Hepliaklqana
Kikubaaqudgha
Makhleb
Nemelex Xobeh
Okawaru
Qazlal
Ru
Sif Muna
Trog
Uskayaw
Vehumet
Wu Jian
Xom
Yredelemnul
Zin
The Shining One
Beogh
Jiyva
Lugonu

Shops:
D *=*(


Innate Abilities, Weirdness & Mutations

You are immune to sickness and miasma.
You are immune to poison.
Your flesh is very heat resistant. (rF++)
You are vulnerable to cold. (rC-)
You float through the air rather than walking.
You learn spells naturally, not from books.
Your magical power is your life essence.
You have superior vitality. (+4 HP)


Message History

HP restored.
Grum the Hunter comes into view.
He is wielding a +0 glaive.
Unknown command.
Press: ? - help, Shift-Dir - straight line, f - Grum
Aim: Grum, wielding a +0 glaive and wearing a +0 animal skin (wandering, hasn't noticed you)
The bolt of magma misses Grum.
Grum growls angrily.
Press: ? - help, Shift-Dir - straight line, f/p - Grum
Aim: Grum, wielding a +0 glaive and wearing a +0 animal skin The bolt of negative energy hits Grum!!
Grum is drained!
Grum is heavily wounded.
Press: ? - help, Shift-Dir - straight line, f/p - Grum
Aim: Grum, wielding a +0 glaive and wearing a +0 animal skin (heavily wounded, lightly drained)
The bolt of negative energy hits Grum!
Grum is drained!
Grum is almost dead.
Press: ? - help, Shift-Dir - straight line, f/p - Grum
Aim: Grum, wielding a +0 glaive and wearing a +0 animal skin (almost dead, heavily drained)
The bolt of magma hits Grum!!
You kill Grum!
Makhleb accepts your kill.
You feel better.
Things that are here:
a +0 glaive; a +0 animal skin You start resting.
HP restored.
You reach down and open the door. 2 giants, a hell knight, a deep troll shaman and 2 dragons come into view.
The frost giant is wielding a +0 battleaxe of freezing.
The hell knight is wielding a +1 vorpal great sword.
The frost giant shouts!
The hell knight shouts!
The ice dragon roars deafeningly!
The stone giant shouts!
You hear a shout!
The frost giant casts a spell at you. The bolt of cold hits you!!!
You feel a terrible chill!
The fire dragon roars deafeningly!
Okay, then.
Unknown command.
A demon appears!
The frost giant casts a spell at you. The bolt of cold hits you!!!
You feel a terrible chill!
Ouch! That really hurt!
You die...

.▓.▓.▓.▓.▓.▓.▓.▓.▓
.▓.▓.▓.▓'▓.▓.▓.▓.▓
.▓.▓)▓.▓.▓.▓.▓.▓.▓
.▓)▓.▓.▓=▓.▓.▓.▓.▓
.▓.▓)▓.▓.▓.▓.▓.▓.▓
.▓.▓)▓.▓.▓.▓.▓.▓.▓
)▓.▓)▓.▓.▓.▓.▓.▓.▓
.▓.▓)▓.▓)▓.▓'▓.▓2▓
.▓.▓)▓.▓)▓.▓.▓.▓@▓
.▓.▓.▓.▓)▓.▓.▓.▓'▓
.▓.▓.▓.▓.▓.▓.▓.▓C▓
.▓)▓)▓.▓)▓†▓.▓.▓p▓
.▓)▓.▓.▓.▓.▓†▓.▓D▓
'▓.▓.▓.▓)▓.▓†▓.▓T▓
.▓.▓.▓.▓)▓.▓.▓.▓D▓
.▓.▓.▓.▓.▓.▓†▓.▓C▓
.▓.▓)▓.▓.▓.▓.▓.▓


You could see a frost giant (ally target), a fire dragon, an ice dragon, a stone
giant, a hell knight, a deep troll shaman and a friendly green death (summoned).

Vanquished Creatures
  Rupert (D)
  2 bunyips (D)
  An entropy weaver (D)
  A merfolk javelineer (D)
  A fire dragon (D)
  A merfolk impaler (D)
  An anaconda (D)
  A boulder beetle (D)
  2 alligators (D)
  A tengu warrior (D)
  6 orc high priests (D)
  A hell knight (D)
  2 swamp dragons (D)
  3 orc knights (D)
  An orb spider (D)
  A mana viper (D)
  A wolf spider (D)
  A black mamba (D)
  Joseph (D)
  2 komodo dragons (D)
  2 tyrant leeches (D)
  3 merfolk (D)
  2 blink frogs (D)
  A wyvern (D)
  A redback (D)
  Grum (D)
  A vampire mosquito (D)
  2 nagas (D)
  9 orc warriors (D)
  2 wolves (D)
  2 bullfrogs (D)
  7 orc priests (D)
  2 orc wizards (D)
  7 orcs (D)
73 creatures vanquished.

Vanquished Creatures (collateral kills)
  2 stone giants (D)
  Azrael (D)
  Snorg (D)
  An ettin (D)
  A shambling mangrove (D)
  Josephine (D)
  A naga warrior (D)
  Erica (D)
  A merfolk aquamancer (D)
  2 vampire magi (D)
  A naga ritualist (D)
  A wizard (D)
  A wolf spider (D)
  An orb spider (D)
  2 manticores (D)
  A cyclops (D)
  2 black mambas (D)
  A cane toad (D)
  A naga mage (D)
  Psyche (D)
  2 blink frogs (D)
  2 redbacks (D)
  A tarantella (D)
  5 wraiths (D)
  A basilisk (D)
  3 fire elementals (D)
  A vampire mosquito (D)
  A water moccasin (D)
  2 hell hounds (D)
  An ogre (D)
  A centaur (D)
  A bullfrog (D)
  An iguana (D)
  A worm (D)
  A dart slug (D)
  An orc (D)
  A bat skeleton (D)
  A bat zombie (D)
  An endoplasm (D)
  A giant cockroach (D)
  A goblin (D)
  A rat (D)
55 creatures vanquished.

Vanquished Creatures (others)
  An ettin (D)
  A hydra (D)
  2 centaur warriors (D)
  2 cyclopes (D)
  A manticore (D)
  2 cane toads (D)
  3 komodo dragons (D)
  An unseen horror (D)
  A troll (D)
  A meliai (shapeshifter) (D)
  2 tyrant leeches (D)
  A slime creature (D)
  A blink frog (D)
  2 yaks (D)
  A wraith (D)
  4 orc warriors (D)
  A wolf (D)
  A bullfrog (D)
28 creatures vanquished.

Grand Total: 156 creatures vanquished

Notes
Turn   | Place    | Note
-------+----------+-------------------------------------------
     0 | D        | MikeHunt the Djinni Summoner began the quest for the Orb.
     0 | D        | Reached XP level 1. HP: 15/15 MP: 0/0
    25 | D        | Reached skill level 1 in Fighting
    35 | D        | Reached skill level 2 in Fighting
   159 | D        | Noticed an ogre
   159 | D        | Noticed an iguana
   198 | D        | Reached XP level 2. HP: 13/23 MP: 0/0
   214 | D        | Killed an ogre
   215 | D        | Reached skill level 4 in Fighting
   215 | D        | Reached skill level 5 in Spellcasting
   215 | D        | Reached XP level 3. HP: 12/32 MP: 0/0
   215 | D        | Learned a level 1 spell: Sting
   215 | D        | Reached XP level 4. HP: 14/38 MP: 0/0
   246 | D        | Reached skill level 5 in Fighting
   495 | D        | Found a snail-covered altar of Cheibriados.
   495 | D        | Found a shadowy altar of Dithmenos.
   495 | D        | Found a white marble altar of Elyvilon.
   495 | D        | Found a blossoming altar of Fedhas.
   495 | D        | Found an opulent altar of Gozag.
   496 | D        | Found a hazy altar of Hepliaklqana.
   497 | D        | Found a viscous altar of Jiyva.
   499 | D        | Found a corrupted altar of Lugonu.
   500 | D        | Found a burning altar of Makhleb.
   501 | D        | Found a sparkling altar of Nemelex Xobeh.
   502 | D        | Found an iron altar of Okawaru.
   503 | D        | Found a stormy altar of Qazlal.
   504 | D        | Found a sacrificial altar of Ru.
   506 | D        | Found a bloodstained altar of Trog.
   507 | D        | Found a hide-covered altar of Uskayaw.
   509 | D        | Found an ornate altar of the Wu Jian Council.
   510 | D        | Found a shimmering altar of Xom.
   511 | D        | Found a basalt altar of Yredelemnul.
   512 | D        | Found a glowing silver altar of Zin.
   513 | D        | Found a glowing golden altar of the Shining One.
   526 | D        | Became a worshipper of Makhleb the Destroyer
   566 | D        | Noticed a wraith
   566 | D        | Noticed a vampire mosquito
   566 | D        | Noticed a centaur
   566 | D        | Noticed a troll
   574 | D        | Killed a centaur
   575 | D        | Reached skill level 6 in Fighting
   575 | D        | Reached XP level 5. HP: 24/45 MP: 0/0
   575 | D        | Learned a level 2 spell: Slow
   577 | D        | Killed a vampire mosquito
   577 | D        | Reached * piety under Makhleb
   578 | D        | Reached skill level 7 in Fighting
   578 | D        | Killed a wraith
   579 | D        | Reached skill level 8 in Fighting
   579 | D        | Reached XP level 6. HP: 30/55 MP: 0/0
   590 | D        | Killed an unseen horror
   591 | D        | Reached skill level 10 in Fighting
   591 | D        | Reached XP level 7. HP: 22/63 MP: 0/0
   591 | D        | Learned a level 2 spell: Blink
   603 | D        | Killed a troll
   603 | D        | Reached ** piety under Makhleb
   604 | D        | Reached skill level 11 in Fighting
   847 | D        | Noticed a meliai
   847 | D        | Noticed an eight-headed hydra
   847 | D        | Noticed a slime creature
   847 | D        | Noticed a cyclops
   847 | D        | Noticed a centaur warrior
   847 | D        | Noticed a cyclops
   852 | D        | Killed a meliai
   853 | D        | Reached XP level 8. HP: 69/71 MP: 0/0
   864 | D        | Killed an eight-headed hydra
   865 | D        | Reached XP level 9. HP: 67/76 MP: 0/0
   865 | D        | Learned a level 3 spell: Dazzling Flash
   868 | D        | Killed a slime creature
   868 | D        | Reached *** piety under Makhleb
   875 | D        | Killed a cyclops
   916 | D        | Killed a centaur warrior
   917 | D        | Reached skill level 10 in Dodging
   917 | D        | Reached XP level 10. HP: 22/82 MP: 0/0
  1001 | D        | Killed a cyclops
  1406 | D        | Noticed a komodo dragon
  1406 | D        | Noticed a komodo dragon
  1406 | D        | Noticed a komodo dragon
  1416 | D        | Killed a komodo dragon
  1416 | D        | Reached **** piety under Makhleb
  1425 | D        | Killed a komodo dragon
  1426 | D        | Reached skill level 12 in Fighting
  1426 | D        | Reached skill level 10 in Spellcasting
  1526 | D        | Reached ***** piety under Makhleb
  1527 | D        | Killed a komodo dragon
  1616 | D        | Noticed a black mamba
  1620 | D        | Killed a black mamba
  1621 | D        | Reached skill level 13 in Fighting
  1858 | D        | Noticed a cane toad
  1858 | D        | Noticed a komodo dragon
  1858 | D        | Noticed a cane toad
  1858 | D        | Noticed a komodo dragon
  1867 | D        | Killed a cane toad
  1873 | D        | Killed a cane toad
  1875 | D        | Killed a komodo dragon
  1876 | D        | Reached XP level 11. HP: 90/93 MP: 0/0
  1876 | D        | Learned a level 4 spell: Animate Armour
  1891 | D        | Reached skill level 14 in Fighting
  2183 | D        | Reached ****** piety under Makhleb
  2496 | D        | Noticed Erica
  2550 | D        | Killed Erica
  2551 | D        | Reached skill level 15 in Fighting
  2551 | D        | Noticed Josephine
  2552 | D        | Killed Josephine
  2640 | D        | Noticed an ettin
  2649 | D        | Killed an ettin
  2706 | D        | Reached skill level 10 in Invocations
  2857 | D        | Noticed an orc knight
  2896 | D        | Killed an orc knight
  3316 | D        | Noticed an orc knight
  3327 | D        | Killed an orc knight
  3328 | D        | Reached XP level 12. HP: 84/103 MP: 0/0
  3533 | D        | Found Mureawn's Assorted Antiques.
  3533 | D        | Noticed an orc high priest
  3533 | D        | Noticed an orc high priest
  3548 | D        | Killed an orc high priest
  3556 | D        | Killed an orc high priest
  3766 | D        | Noticed an orc high priest
  3769 | D        | Killed an orc high priest
  3778 | D        | Found Wof Capt's Jewellery Shoppe.
  3782 | D        | Found Voxzommo's General Store.
  3785 | D        | Found Ysutix's Antique Weapon Shoppe.
  3787 | D        | Noticed an orc high priest
  3791 | D        | Killed an orc high priest
  3795 | D        | Noticed an orc high priest
  3796 | D        | Noticed an orc high priest
  3797 | D        | Killed an orc high priest
  3800 | D        | Killed an orc high priest
  4022 | D        | Bought an amulet of regeneration for 330 gold pieces
  4027 | D        | Bought a +6 ring of intelligence for 643 gold pieces
  4033 | D        | Bought 7 curare-tipped darts for 58 gold pieces
  4037 | D        | Bought a scorched mace for 192 gold pieces
  4037 | D        | Identified the +10 mace of Dubif {vorpal, rF++ Str+4
                  | Stlth-} (You bought it in a shop in the Dungeon)
  4053 | D        | Noticed Joseph
  4056 | D        | Killed Joseph
  4086 | D        | Noticed Psyche
  4150 | D        | Killed Psyche
  4456 | D        | Got the +6 broad axe of the Heavens {antimagic, rC++}
  4536 | D        | Noticed a centaur warrior
  4536 | D        | Noticed a fire dragon
  4536 | D        | Noticed a boulder beetle
  4550 | D        | Killed a centaur warrior
  4568 | D        | Killed a boulder beetle
  4569 | D        | Killed a fire dragon
  4570 | D        | Reached skill level 5 in Armour
  4616 | D        | Reached skill level 5 in Long Blades
  4626 | D        | Noticed a tengu warrior
  4638 | D        | Killed a tengu warrior
  4658 | D        | Noticed a vampire mage
  4659 | D        | Noticed a blizzard demon
  4678 | D        | Killed a vampire mage
  4774 | D        | Noticed a stone giant
  4780 | D        | Reached XP level 13. HP: 108/108 MP: 0/0
  4780 | D        | Learned a level 5 spell: Bolt of Magma
  4780 | D        | Noticed a stone giant
  4782 | D        | Killed a stone giant
  4784 | D        | Killed a stone giant
  4787 | D        | Killed an ettin
  4934 | D        | Noticed Rupert
  4939 | D        | Killed Rupert
  4978 | D        | Noticed Azrael
  4991 | D        | Killed Azrael
  5068 | D        | Noticed Snorg
  5076 | D        | Killed Snorg
  5158 | D        | Reached skill level 10 in Long Blades
  5168 | D        | Noticed an entropy weaver
  5169 | D        | Reached skill level 5 in Shields
  5171 | D        | Killed an entropy weaver
  5285 | D        | Noticed a bunyip
  5285 | D        | Noticed a bunyip
  5303 | D        | Killed a bunyip
  5308 | D        | Killed a bunyip
  5310 | D        | Noticed a shambling mangrove
  5327 | D        | Killed a shambling mangrove
  5420 | D        | Noticed a merfolk impaler
  5427 | D        | Reached skill level 10 in Shields
  5429 | D        | Reached XP level 14. HP: 114/114 MP: 0/0
  5651 | D        | Noticed Grum
  5655 | D        | Killed Grum
  5682 | D        | Noticed a frost giant
  5682 | D        | Noticed a stone giant
  5683 | D        | Killed from afar by a frost giant

Illustrated notes

Levels and vault maps discovered:
D:        linesprint [early_d, line_temple, items_1, d_10, items_2, lair_1,
          lair_end, items_3, orc_1, orc_end, items_4, d_15, swamp_1, shoals_1,
          snake_1, spider_1, d_20, vaults_1, items_5, swamp_end, shoals_end,
          snake_end, spider_end, vaults_end, d_27, items_6, zot_1, zot_end,
          crypt_end, forest_end, elf_end, slime_end, tomb_end, abyss_end,
          pan_hell_end]

Skill      XL: |  1  2  3  4  5  6  7  8  9 10 11 12 13 14 |
---------------+-------------------------------------------+-----
Fighting       | 2 4 6 8 10 11 13 15 | 15.4
Spellcasting   | 5 7 8 9 11 13 14 | 14.7
Dodging        | 4 7 10 | 10.0
Invocations    | 3 6 8 11 13 | 13.4
Evocations     | 3 6 8 |  8.9
Long Blades    | 6 12 13 | 13.7
Armour         | 6 9 |  9.9
Shields        | 10 11 | 11.8
Stealth        | |  1.5

Action                   |  1- 3 |  4- 6 |  7- 9 | 10-12 | 13-15 || total
-------------------------+-------+-------+-------+-------+-------++-------
Melee: Scimitar          |       |       |       |     9 |       ||     9
       Double sword      |       |       |       |       |    10 ||    10
 Cast: Summon Small Mamm |    18 |       |       |       |       ||    18
       Call Imp          |     3 |     6 |       |       |       ||     9
       Summon Guardian G |       |     2 |    15 |    30 |     6 ||    53
       Summon Lightning  |       |     1 |       |     5 |       ||     6
       Slow              |       |       |       |     3 |       ||     3
       Animate Armour    |       |       |       |     3 |       ||     3
       Blink             |       |       |       |     1 |       ||     1
       Call Canine Famil |       |       |       |     1 |     2 ||     3
       Bolt of Magma     |       |       |       |       |     4 ||     4
Invok: Major Destruction |       |       |       |    78 |    55 ||   133
       Minor Destruction |       |       |       |    13 |     1 ||    14
       Lesser Servant of |       |       |       |     7 |       ||     7
       Greater Servant o |       |       |       |     8 |     5 ||    13
Evoke: Wand              |       |       |       |       |     3 ||     3
  Use: Potion            |       |     3 |     1 |     2 |       ||     6
       Scroll            |       |     1 |       |     3 |     8 ||    12
Armor: Robe              |     1 |       |       |     6 |       ||     7
       Acid dragon scale |       |       |       |       |    12 ||    12
Dodge: Dodged            |       |       |     7 |    27 |     9 ||    43
Block: Tower shield      |       |       |       |       |    13 ||    13
       Rpst.: Scimitar   |       |       |       |     6 |       ||     6
       Double sword      |       |       |       |       |     1 ||     1

Table legend: (Time is in decaauts)
 A = Elapsed time spent in this place.
 B = Non-inter-level travel time spent in this place.
 C = Inter-level travel time spent in this place.
 D = Time resting spent in this place.
 E = Time spent auto-exploring this place.
 F = Levels seen in this place.
 G = Mean time per level.
                   A        B        C        D        E       F      G
               +--------+--------+--------+--------+--------+-----+--------+
         Total |   5690 |   5690 |      0 |   2883 |      3 |   1 | 5690.0 |
       Dungeon |   5690 |   5690 |      0 |   2883 |      3 |   1 | 5690.0 |
               +--------+--------+--------+--------+--------+-----+--------+

Top non-repeatable levels by time:
       D: 5690 daAuts
